 Dungeon Crawl Stone Soup version 0.22-a0-322-g60b3cfd (webtiles) character file.

103 xccam the Slasher (level 4, -31/41 HPs)
             Began as a Gnoll Wanderer on Apr 4, 2018.
             Was a Follower of Cheibriados.
             Killed from afar by Nattefrost's ghost (52 damage)
             ... with an exploding inner flame
             ... hexed by the player character
             ... on level 3 of the Dungeon.
             The game lasted 00:02:53 (2031 turns).

xccam the Slasher (Gnoll Wanderer)                  Turns: 2031, Time: 00:02:55

Health: -31/41     AC:  3    Str: 16    XL:     4   Next: 79%
Magic:  6/6        EV: 12    Int: 14    God:    Cheibriados [*.....]
Gold:   97         SH:  0    Dex: 20    Spells: 5/5 levels left

rFire    . . .     SeeInvis .   a - +2 falchion
rCold    . . .     Gourm    .   (no shield)
rNeg     . . .     Faith    .   c - +0 robe
rPois    .         Spirit   .   (no helmet)
rElec    .         Reflect  .   (no cloak)
rCorr    .         Harm     .   (no gloves)
MR       .....                  r - +0 pair of boots
Stlth    ++........             (no amulet)
HPRegen  0.13/turn              (no ring)
MPRegen  0.10/turn              (no ring)

@: hasted, quick
A: distributed training, fangs 1, strong nose
a: Bend Time, Renounce Religion


You were on level 3 of the Dungeon.
You worshipped Cheibriados.
Cheibriados was aware of your devotion.
You were hungry.

You visited 1 branch of the dungeon, and saw 3 of its levels.

You collected 97 gold pieces.

Inventory:

Hand Weapons
 a - a +2 falchion (weapon)
Missiles
 g - 8 tomahawks (quivered)
Armour
 c - a +0 robe (worn)
 r - a +0 pair of boots (worn)
Jewellery
 e - an uncursed ring of protection from cold {unknown}
Wands
 p - a wand of flame (40)
Scrolls
 b - 5 scrolls of teleportation
 f - a scroll of remove curse {unknown}
 l - a scroll of magic mapping {unknown}
 m - a scroll of immolation
 s - a scroll of fear {unknown}
Potions
 j - a potion of flight {unknown}
 k - a potion of agility {unknown}
 n - a potion of curing {unknown}
 o - a potion of might {unknown}
Comestibles
 d - 7 rations


   Skills:
 + Level 6.6 Fighting
 + Level 1.2 Short Blades
 + Level 6.6 Long Blades
 + Level 1.2 Axes
 + Level 4.7 Maces & Flails
 + Level 1.2 Polearms
 + Level 1.2 Staves
 + Level 1.2 Slings
 + Level 1.2 Bows
 + Level 1.2 Crossbows
 + Level 1.2 Throwing
 + Level 1.2 Armour
 + Level 1.2 Dodging
 + Level 2.6 Stealth
 + Level 1.2 Shields
 + Level 1.2 Unarmed Combat
 + Level 1.2 Spellcasting
 + Level 1.0 Conjurations
 + Level 1.0 Hexes
 + Level 1.0 Charms
 + Level 1.0 Summonings
 + Level 1.0 Necromancy
 + Level 1.0 Translocations
 + Level 1.0 Transmutations
 + Level 1.0 Fire Magic
 + Level 1.0 Ice Magic
 + Level 1.0 Air Magic
 + Level 1.0 Earth Magic
 + Level 1.0 Poison Magic
 + Level 1.3 Invocations
 + Level 2.8 Evocations


You had 5 spell levels left.
You didn't know any spells.

Dungeon Overview and Level Annotations

Branches:
Dungeon (3/15)

Altars:
Cheibriados
Uskayaw


Innate Abilities, Weirdness & Mutations

Your experience applies equally to all skills.
You have very sharp teeth.
Your uncanny sense of smell can sniff out nearby items.


Message History

You slash Nattefrost's ghost! You bite Nattefrost's ghost.
Nattefrost's ghost is severely damaged.
Nattefrost's ghost barely misses you.
You barely miss Nattefrost's ghost.
Nattefrost's ghost is severely damaged.
Nattefrost's ghost hits you.
* * * LOW HITPOINT WARNING * * *
The worm bites you!
* * * LOW HITPOINT WARNING * * *
It was a potion of haste.
You feel yourself speed up.
Cheibriados forgives your accidental hurry, just this once.
Nattefrost's ghost closely misses you.
You riposte.
You hit Nattefrost's ghost.
Nattefrost's ghost is severely damaged.
It was a potion of heal wounds.
You feel much better. Nattefrost's ghost closely misses you.
You riposte.
You slash Nattefrost's ghost!
Nattefrost's ghost explodes!
The fiery explosion engulfs you!
Ouch! That really hurt!
You die...

.. ......
.w######...... ##..
...#...... ...
....... .. ).... #.
#..# ∆ #.####..# .#
#.w@§...####..[#
#.#####.........
#.#((.#..###.J..
....#...#.<.......
.....#####.........
....................
#......._....###.#..
###...$....... ....
.[.##..!.# #..


You could see a worm and 2 dancing weapons.

Vanquished Creatures
  4 adders (D:2)
  A gnoll (D:1)
  An ooze (D:2)
  2 leopard geckos (D:2)
  An orc (D:3)
  4 giant cockroaches
  6 goblins
  3 hobgoblins
  7 jackals
  6 kobolds
  A quokka (D:2)
  7 bats
  4 frilled lizards
  4 rats
51 creatures vanquished.

Notes
Turn   | Place    | Note
-------+----------+-------------------------------------------
     0 | D:1      | xccam the Gnoll Wanderer began the quest for the Orb.
     0 | D:1      | xccam set off with: a +2 falchion, 2 scrolls of teleportation, a +0 robe, a ration
     0 | D:1      | Reached XP level 1. HP: 23/23 MP: 2/2
   177 | D:1      | Reached XP level 2. HP: 13/29 MP: 3/3
   675 | D:1      | Reached XP level 3. HP: 27/35 MP: 4/4
  1068 | D:2      | Reached skill level 1 in Invocations
  1349 | D:2      | Found a snail-covered altar of Cheibriados.
  1364 | D:2      | Became a worshipper of Cheibriados the Contemplative
  1432 | D:2      | Reached skill level 1 in Short Blades
  1432 | D:2      | Reached skill level 1 in Axes
  1432 | D:2      | Reached skill level 1 in Polearms
  1432 | D:2      | Reached skill level 1 in Staves
  1432 | D:2      | Reached skill level 1 in Slings
  1432 | D:2      | Reached skill level 1 in Bows
  1432 | D:2      | Reached skill level 1 in Crossbows
  1432 | D:2      | Reached skill level 1 in Throwing
  1432 | D:2      | Reached skill level 1 in Armour
  1432 | D:2      | Reached skill level 1 in Dodging
  1432 | D:2      | Reached skill level 1 in Shields
  1432 | D:2      | Reached skill level 1 in Unarmed Combat
  1432 | D:2      | Reached skill level 1 in Spellcasting
  1432 | D:2      | Reached XP level 4. HP: 36/41 MP: 4/6
  1541 | D:2      | Noticed an orc warrior
  1580 | D:2      | Reached skill level 1 in Conjurations
  1580 | D:2      | Reached skill level 1 in Hexes
  1580 | D:2      | Reached skill level 1 in Charms
  1580 | D:2      | Reached skill level 1 in Summonings
  1580 | D:2      | Reached skill level 1 in Necromancy
  1580 | D:2      | Reached skill level 1 in Translocations
  1580 | D:2      | Reached skill level 1 in Transmutations
  1580 | D:2      | Reached skill level 1 in Fire Magic
  1580 | D:2      | Reached skill level 1 in Ice Magic
  1580 | D:2      | Reached skill level 1 in Air Magic
  1580 | D:2      | Reached skill level 1 in Earth Magic
  1580 | D:2      | Reached skill level 1 in Poison Magic
  1846 | D:2      | Reached * piety under Cheibriados
  2005 | D:3      | Found a hide-covered altar of Uskayaw.
  2005 | D:3      | Noticed a dagger
  2005 | D:3      | Noticed a hand axe
  2011 | D:3      | Noticed Nattefrost's ghost (amateur MfTm)
  2029 | D:3      | HP: 2/41 [worm (8)]
  2031 | D:3      | Killed Nattefrost's ghost
  2031 | D:3      | Killed from afar by Nattefrost's ghost

Vault maps used:
D:1:      saegor_arrival_simple_c
D:2:      overflow_temple_1_default, minmay_pentomino_u2
D:3:      gammafunk_steamed_eel, dancing_weapons_uskayaw, lemuel_crystal_altar

Skill      XL: |  1  2  3  4 |
---------------+-------------+-----
Invocations    | 1 |  1.3
Short Blades   | 1 |  1.2
Axes           | 1 |  1.2
Polearms       | 1 |  1.2
Staves         | 1 |  1.2
Slings         | 1 |  1.2
Bows           | 1 |  1.2
Crossbows      | 1 |  1.2
Throwing       | 1 |  1.2
Armour         | 1 |  1.2
Dodging        | 1 |  1.2
Shields        | 1 |  1.2
Unarmed Combat | 1 |  1.2
Spellcasting   | 1 |  1.2
Conjurations   | 1 |  1.0
Hexes          | 1 |  1.0
Charms         | 1 |  1.0
Summonings     | 1 |  1.0
Necromancy     | 1 |  1.0
Translocations | 1 |  1.0
Transmutations | 1 |  1.0
Fire Magic     | 1 |  1.0
Ice Magic      | 1 |  1.0
Air Magic      | 1 |  1.0
Earth Magic    | 1 |  1.0
Poison Magic   | 1 |  1.0
Fighting       | |  6.6
Long Blades    | |  6.6
Maces & Flails | |  4.7
Stealth        | |  2.6
Evocations     | |  2.8

Action                   |  1- 3 |  4- 6 || total
-------------------------+-------+-------++-------
Melee: Falchion          |    86 |    47 ||   133
       Bite              |     8 |     6 ||    14
       Punch             |       |     1 ||     1
  Use: Scroll            |       |     2 ||     2
       Potion            |       |     2 ||     2
 Stab: Sleeping          |     4 |     4 ||     8
  Eat: Chunk             |     1 |     2 ||     3
Armor: Robe              |    20 |    15 ||    35
Dodge: Dodged            |    50 |    43 ||    93
       Rpst.: Falchion   |    13 |    16 ||    29

Table legend:
 A = Spawn XP
 B = Non-spawn XP
 C = Spawn XP percentage of total XP
 D = Spawn monster count
 E = Non-spawn monster count
 F = Spawn count percentage of total count
 G = Total turns spent on level
                    A         B        C        D         E        F      G
               +---------+---------+-------+---------+---------+-------+---------
         Total |       0 |     148 |   0.0 |       0 |      51 |   0.0 |  2031
               +---------+---------+-------+---------+---------+-------+---------
           D:1 |       0 |      43 |   0.0 |       0 |      19 |   0.0 |   901
           D:2 |       0 |     101 |   0.0 |       0 |      30 |   0.0 |  1104
           D:3 |       0 |       4 |   0.0 |       0 |       2 |   0.0 |    26
               +---------+---------+-------+---------+---------+-------+---------
